| TOP OF THE 1ST |
|
Colorado (EL) Rockies batting - Pitching for Altoona Curve : LHP Ryan Rakoff
|
|
Pitching: LHP Ryan Rakoff
|
|
|
Batting: RHB Bodil Hardenberg
|
0-0: Ball 1-0: SINGLE (Line Drive, 3D, EV 96.9 MPH)
|
|
Batting: LHB Zack Guillen
|
0-0: Swinging Strike 0-1: Swinging Strike 0-2: Strikes out swinging
|
|
Batting: RHB Henry Alvizo
|
0-0: Ball 1-0: Ball 2-0: Fly out, F9 (Flyball, 89M, EV 86.9 MPH)
|
|
Batting: RHB Ernest Olkowicz
|
0-0: Called Strike 0-1: Fly out, F9 (Flyball, 9S, EV 88.1 MPH)
|
| Top of the 1st over - 0 runs, 1 hit, 0 errors, 1 left on base; Colorado (EL) 0 - Altoona 0 |
| BOTTOM OF THE 1ST |
|
Altoona Curve batting - Pitching for Colorado (EL) Rockies : LHP Yoshiya Yokoyama
|
|
Pitching: LHP Yoshiya Yokoyama
|
|
|
Batting: RHB Nelson Ozuna
|
0-0: Ball 1-0: Called Strike 1-1: Ball 2-1: Ball 3-1: Called Strike 3-2: Foul Ball, location: 2F 3-2: Ground out 5-3 (Groundball, 5, EV 85.6 MPH)
|
|
Batting: RHB Ron Corn
|
0-0: Called Strike 0-1: Ball 1-1: Ball 2-1: Foul Ball, location: 2F 2-2: Strikes out swinging
|
|
Batting: RHB Jose Almonte
|
0-0: SINGLE (Groundball, 6MD, EV 97.5 MPH)
|
|
Batting: RHB Killian Jones
|
0-0: Called Strike 0-1: Swinging Strike 0-2: Foul Ball, location: 2F 0-2: Ball 1-2: SINGLE (Line Drive, 78M, EV 106.9 MPH) Jose Almonte to second
|
|
Batting: RHB Keiji Nakajima
|
0-0: Fielders Choice at 2nd, 6-4 (Groundball, 6, EV 85.6 MPH)
|
| Bottom of the 1st over - 0 runs, 2 hits, 0 errors, 2 left on base; Colorado (EL) 0 - Altoona 0 |
| TOP OF THE 2ND |
|
Colorado (EL) Rockies batting - Pitching for Altoona Curve : LHP Ryan Rakoff
|
|
Batting: RHB Andy Solorzano
|
0-0: Swinging Strike 0-1: Called Strike 0-2: Ball 1-2: Ball 2-2: Strikes out swinging
|
|
Batting: LHB Ryan Rodgers
|
0-0: Ball 1-0: Ball 2-0: Called Strike 2-1: Ground out 3-1 (Groundball, 34, EV 88.1 MPH)
|
|
Batting: LHB Elijah Black
|
0-0: Called Strike 0-1: Ball 1-1: Ground out 4-3 (Groundball, 4, EV 101.9 MPH)
|
| Top of the 2nd over - 0 runs, 0 hits, 0 errors, 0 left on base; Colorado (EL) 0 - Altoona 0 |
| BOTTOM OF THE 2ND |
|
Altoona Curve batting - Pitching for Colorado (EL) Rockies : LHP Yoshiya Yokoyama
|
|
Batting: RHB Brian Moore
|
0-0: Ball 1-0: Ball 2-0: Fly out, F9 (Flyball, 89S, EV 93.8 MPH)
|
|
Batting: SHB Jerry Massey
|
0-0: Foul Ball, location: 2F 0-1: Foul Ball, location: 2F 0-2: Foul Ball, location: 2F 0-2: Strikes out swinging
|
|
Batting: RHB Pleun Smit
|
0-0: Ball 1-0: Ground out 6-3 (Groundball, 56D, EV 85.6 MPH)
|
| Bottom of the 2nd over - 0 runs, 0 hits, 0 errors, 0 left on base; Colorado (EL) 0 - Altoona 0 |
| TOP OF THE 3RD |
|
Colorado (EL) Rockies batting - Pitching for Altoona Curve : LHP Ryan Rakoff
|
|
Batting: SHB Pete Perla
|
0-0: Ground out 1-3 (Groundball, 13S, EV 68.8 MPH)
|
|
Batting: RHB Justin Pellman
|
0-0: Called Strike 0-1: Ball 1-1: Ball 2-1: Ground out 6-3 (Groundball, 6, EV 104.4 MPH)
|
|
Batting: RHB Bodil Hardenberg
|
0-0: Called Strike 0-1: Foul Ball, location: 2F 0-2: SINGLE (Line Drive, 6M, EV 99.4 MPH)
|
|
Batting: LHB Zack Guillen
|
0-0: Ball 1-0: Swinging Strike 1-1: Swinging Strike 1-2: Ball 2-2: Ball 3-2: Base on Balls Bodil Hardenberg to second
|
|
Batting: RHB Henry Alvizo
|
0-0: Called Strike 0-1: Ball 1-1: Ball 2-1: Fly out, F6 (Popup, 6M, EV 75.0 MPH)
|
| Top of the 3rd over - 0 runs, 1 hit, 0 errors, 2 left on base; Colorado (EL) 0 - Altoona 0 |
| BOTTOM OF THE 3RD |
|
Altoona Curve batting - Pitching for Colorado (EL) Rockies : LHP Yoshiya Yokoyama
|
|
Batting: RHB Bahiyy al Din bin Mamdouh
|
0-0: Ball 1-0: Called Strike 1-1: Called Strike 1-2: Ball 2-2: Ball 3-2: Foul Ball, location: 2F 3-2: Strikes out looking
|
|
Batting: RHB Nelson Ozuna
|
0-0: Swinging Strike 0-1: Ball 1-1: Ball 2-1: Fly out, F9 (Flyball, 89S, EV 79.4 MPH)
|
|
Batting: RHB Ron Corn
|
0-0: Ball 1-0: Ball 2-0: Fly out, F6 (Line Drive, 6M, EV 65.0 MPH)
|
| Bottom of the 3rd over - 0 runs, 0 hits, 0 errors, 0 left on base; Colorado (EL) 0 - Altoona 0 |
| TOP OF THE 4TH |
|
Colorado (EL) Rockies batting - Pitching for Altoona Curve : LHP Ryan Rakoff
|
|
Batting: RHB Ernest Olkowicz
|
0-0: Called Strike 0-1: Ball 1-1: Foul Ball, location: 2F 1-2: Strikes out looking
|
|
Batting: RHB Andy Solorzano
|
0-0: Ball 1-0: Ball 2-0: Foul Ball, location: 2F 2-1: SINGLE (Line Drive, 3D, EV 98.8 MPH)
|
|
Batting: LHB Ryan Rodgers
|
0-0: Called Strike 0-1: Ball 1-1: Ball 2-1: Swinging Strike 2-2: Strikes out looking
|
|
Batting: LHB Elijah Black
|
0-0: Ball 1-0: Foul Ball, location: 2F 1-1: Ground out 4-3 (Groundball, 34, EV 97.5 MPH)
|
| Top of the 4th over - 0 runs, 1 hit, 0 errors, 1 left on base; Colorado (EL) 0 - Altoona 0 |
| BOTTOM OF THE 4TH |
|
Altoona Curve batting - Pitching for Colorado (EL) Rockies : LHP Yoshiya Yokoyama
|
|
Batting: RHB Jose Almonte
|
0-0: Called Strike 0-1: Foul Ball, location: 2F 0-2: Ball 1-2: Ground out 1-3 (Groundball, 13, EV 70.6 MPH)
|
|
Batting: RHB Killian Jones
|
0-0: Swinging Strike 0-1: Swinging Strike 0-2: Strikes out swinging
|
|
Batting: RHB Keiji Nakajima
|
0-0: Foul Ball, location: 2F 0-1: Called Strike 0-2: Strikes out looking
|
| Bottom of the 4th over - 0 runs, 0 hits, 0 errors, 0 left on base; Colorado (EL) 0 - Altoona 0 |
| TOP OF THE 5TH |
|
Colorado (EL) Rockies batting - Pitching for Altoona Curve : LHP Ryan Rakoff
|
|
Batting: SHB Pete Perla
|
0-0: Swinging Strike 0-1: Ball 1-1: Ground out 4-3 (Groundball, 4, EV 83.1 MPH)
|
|
Batting: RHB Justin Pellman
|
0-0: Ball 1-0: Ball 2-0: Ball 3-0: Called Strike 3-1: Base on Balls
|
|
Batting: RHB Bodil Hardenberg
|
0-0: Foul Ball, location: 2F 0-1: Ball 1-1: Foul Ball, location: 2F 1-2: SINGLE (Groundball, 4MD, EV 101.2 MPH) Justin Pellman to second Runner from 2nd tries for 3rd, SAFE, throw by CF made to third Bodil Hardenberg to second
|
|
Batting: LHB Zack Guillen
|
0-0: Ball 1-0: Ball 2-0: Foul Ball, location: 2F 2-1: SINGLE (Line Drive, 4MD, EV 101.9 MPH) Justin Pellman scores Bodil Hardenberg to third Runner from 3rd tries for Home, SAFE, throw by CF to home
|
|
Batting: RHB Henry Alvizo
|
0-0: Foul Ball, location: 2F 0-1: SINGLE (Groundball, 34, EV 105.6 MPH) Zack Guillen to second Runner from 2nd tries for 3rd, SAFE, throw by RF made to third
|
|
Batting: RHB Ernest Olkowicz
|
0-0: Ball 1-0: Ball Henry Alvizo is caught stealing 2nd base 2-4 2-0: Called Strike 2-1: Ball 3-1: Ground out 5-3 (Groundball, 56, EV 81.9 MPH)
|
| Top of the 5th over - 2 runs, 3 hits, 0 errors, 1 left on base; Colorado (EL) 2 - Altoona 0 |
| BOTTOM OF THE 5TH |
|
Altoona Curve batting - Pitching for Colorado (EL) Rockies : LHP Yoshiya Yokoyama
|
|
Batting: RHB Brian Moore
|
0-0: Ball 1-0: Ground out 3-1 (Groundball, 34S, EV 82.5 MPH)
|
|
Batting: SHB Jerry Massey
|
0-0: Foul Ball, location: 2F 0-1: Ball 1-1: Ball 2-1: Called Strike 2-2: Foul Ball, location: 2F 2-2: Ball 3-2: Ground out 6-3 (Groundball, 56, EV 87.5 MPH)
|
|
Batting: RHB Pleun Smit
|
0-0: Ground out 5-3 (Groundball, 5S, EV 77.5 MPH)
|
| Bottom of the 5th over - 0 runs, 0 hits, 0 errors, 0 left on base; Colorado (EL) 2 - Altoona 0 |
| TOP OF THE 6TH |
|
Colorado (EL) Rockies batting - Pitching for Altoona Curve : LHP Ryan Rakoff
|
|
Batting: RHB Andy Solorzano
|
0-0: Swinging Strike 0-1: Foul Ball, location: 2F 0-2: Ball 1-2: Ball 2-2: Ball 3-2: Foul Ball, location: 2F 3-2: SINGLE (Groundball, 6MD, EV 100.6 MPH)
|
|
Batting: LHB Ryan Rodgers
|
0-0: Called Strike 0-1: Called Strike 0-2: Ball 1-2: Strikes out swinging
|
|
Batting: LHB Elijah Black
|
0-0: Called Strike 0-1: Ball 1-1: Fielders Choice at 2nd, 1-4 (Groundball, 15S, EV 60.6 MPH)
|
|
Batting: SHB Pete Perla
|
0-0: Swinging Strike 0-1: Ball 1-1: Swinging Strike 1-2: Ball 2-2: Foul Ball, location: 2F 2-2: Strikes out looking
|
| Top of the 6th over - 0 runs, 1 hit, 0 errors, 1 left on base; Colorado (EL) 2 - Altoona 0 |
| BOTTOM OF THE 6TH |
|
Altoona Curve batting - Pitching for Colorado (EL) Rockies : LHP Yoshiya Yokoyama
|
|
Batting: RHB Bahiyy al Din bin Mamdouh
|
0-0: Ball 1-0: Foul Ball, location: 2F 1-1: Foul Ball, location: 2F 1-2: Ball 2-2: Foul Ball, location: 2F 2-2: SINGLE (Groundball, 34S, EV 72.5 MPH) (infield hit)
|
|
Batting: RHB Nelson Ozuna
|
0-0: Ball 1-0: Called Strike 1-1: Swinging Strike 1-2: Ball 2-2: Ball 3-2: Fly out, F9 (Line Drive, 89M, EV 103.8 MPH)
|
|
Batting: RHB Ron Corn
|
0-0: Called Strike 0-1: Foul Ball, location: 2F 0-2: Strikes out swinging
|
|
Batting: RHB Jose Almonte
|
0-0: Foul Ball, location: 2F 0-1: Ground out 4-3 (Groundball, 4S, EV 89.4 MPH)
|
| Bottom of the 6th over - 0 runs, 1 hit, 0 errors, 1 left on base; Colorado (EL) 2 - Altoona 0 |
| TOP OF THE 7TH |
|
Colorado (EL) Rockies batting - Pitching for Altoona Curve : LHP Ryan Rakoff
|
|
Pitching: RHP Doug Rawson
|
|
|
Batting: RHB Justin Pellman
|
0-0: Ball 1-0: Fly out, F9 (Flyball, 9D, EV 82.5 MPH)
|
|
Batting: RHB Bodil Hardenberg
|
0-0: Called Strike 0-1: Called Strike 0-2: Ball 1-2: Foul Ball, location: 2F 1-2: Foul Ball, location: 2F 1-2: SINGLE (Line Drive, 9S, EV 93.1 MPH)
|
|
Batting: LHB Zack Guillen
|
0-0: Foul Ball, location: 2F 0-1: Ball 1-1: Swinging Strike 1-2: Strikes out looking
|
|
Batting: RHB Henry Alvizo
|
0-0: Ball 1-0: Ball 2-0: Fly out, F8 (Flyball, 89S, EV 86.9 MPH)
|
| Top of the 7th over - 0 runs, 1 hit, 0 errors, 1 left on base; Colorado (EL) 2 - Altoona 0 |
| BOTTOM OF THE 7TH |
|
Altoona Curve batting - Pitching for Colorado (EL) Rockies : LHP Yoshiya Yokoyama
|
|
Batting: RHB Killian Jones
|
0-0: Foul Ball, location: 2F 0-1: Called Strike 0-2: Strikes out looking
|
|
Batting: RHB Keiji Nakajima
|
0-0: Ball 1-0: Called Strike 1-1: Called Strike 1-2: Foul Ball, location: 2F 1-2: Ball 2-2: SINGLE (Groundball, 4MD, EV 98.8 MPH)
|
|
Batting: RHB Brian Moore
|
0-0: Ball 1-0: Ball 2-0: Called Strike 2-1: Ball 3-1: Called Strike Keiji Nakajima steals 2nd base 3-2: Fly out, F7 (Line Drive, 7S, EV 95.0 MPH)
|
|
Batting: SHB Jerry Massey
|
0-0: Foul Ball, location: 2F 0-1: Ball 1-1: SINGLE (Line Drive, 9LS, EV 108.8 MPH) Keiji Nakajima to third
|
|
Batting: RHB Pleun Smit
|
0-0: Called Strike 0-1: Ball Wild Pitch! Keiji Nakajima scores Jerry Massey to second 1-1: Ball 2-1: Foul Ball, location: 2F 2-2: Strikes out swinging
|
| Bottom of the 7th over - 1 run, 2 hits, 0 errors, 1 left on base; Colorado (EL) 2 - Altoona 1 |
| TOP OF THE 8TH |
|
Colorado (EL) Rockies batting - Pitching for Altoona Curve : RHP Doug Rawson
|
|
Batting: RHB Ernest Olkowicz
|
0-0: Ball 1-0: Swinging Strike 1-1: Ball 2-1: Foul Ball, location: 2F 2-2: Ground out 5-3 (Groundball, 56S, EV 86.2 MPH)
|
|
Batting: RHB Andy Solorzano
|
0-0: Foul Ball, location: 2F 0-1: SINGLE (Line Drive, 4D, EV 98.1 MPH)
|
|
Batting: LHB Ryan Rodgers
|
0-0: Ball 1-0: Fly out, F3 (Popup, 34S, EV 73.1 MPH)
|
|
Batting: LHB Elijah Black
|
0-0: Called Strike 0-1: Ball 1-1: SINGLE (Groundball, P, EV 87.5 MPH) (infield hit) Andy Solorzano to second
|
|
Batting: SHB Pete Perla
|
0-0: Swinging Strike 0-1: Foul Ball, location: 2F 0-2: Ball 1-2: Ball 2-2: Ball 3-2: Strikes out looking
|
| Top of the 8th over - 0 runs, 2 hits, 0 errors, 2 left on base; Colorado (EL) 2 - Altoona 1 |
| BOTTOM OF THE 8TH |
|
Altoona Curve batting - Pitching for Colorado (EL) Rockies : LHP Yoshiya Yokoyama
|
|
Pitching: RHP Dustin Deemer
|
|
|
Batting: RHB Bahiyy al Din bin Mamdouh
|
0-0: Ball 1-0: Foul Ball, location: 2F 1-1: Called Strike 1-2: Foul Ball, location: 2F 1-2: Ball 2-2: Foul Ball, location: 2F 2-2: Ground out 6-3 (Groundball, 56, EV 90.6 MPH)
|
|
Batting: RHB Nelson Ozuna
|
0-0: Ball 1-0: Called Strike 1-1: Ball 2-1: Ball 3-1: Base on Balls
|
|
Batting: RHB Ron Corn
|
0-0: Called Strike 0-1: Swinging Strike 0-2: Foul Ball, location: 2F 0-2: Ball Wild Pitch! Nelson Ozuna to second 1-2: Ball 2-2: Foul Ball, location: 2F 2-2: Strikes out swinging
|
|
Batting: RHB Jose Almonte
|
0-0: Called Strike 0-1: Foul Ball, location: 2F 0-2: Foul Ball, location: 2F 0-2: Ball 1-2: SINGLE (Flyball, 8RS, EV 89.4 MPH) Nelson Ozuna to third
|
|
Batting: RHB Killian Jones
|
0-0: Called Strike 0-1: Ball 1-1: Ball 2-1: Ball 3-1: Base on Balls Jose Almonte to second
|
|
Batting: RHB Keiji Nakajima
|
0-0: Foul Ball, location: 2F 0-1: Ball 1-1: Ball 2-1: Foul Ball, location: 2F 2-2: Fielders Choice at 2nd, 5-4 (Groundball, 56, EV 102.5 MPH)
|
| Bottom of the 8th over - 0 runs, 1 hit, 0 errors, 3 left on base; Colorado (EL) 2 - Altoona 1 |
| TOP OF THE 9TH |
|
Colorado (EL) Rockies batting - Pitching for Altoona Curve : RHP Doug Rawson
|
|
Pitching: RHP Hugo Rodriguez
|
|
|
Batting: RHB Justin Pellman
|
0-0: Ball 1-0: Called Strike 1-1: Fly out, F3 (Popup, 3, EV 76.2 MPH)
|
|
Batting: RHB Bodil Hardenberg
|
0-0: Called Strike 0-1: Ball 1-1: Ground out 5-3 (Groundball, 56, EV 106.2 MPH)
|
|
Batting: LHB Zack Guillen
|
0-0: Called Strike 0-1: Ball 1-1: Foul Ball, location: 2F 1-2: Ball 2-2: Foul Ball, location: 2F 2-2: SINGLE (Groundball, P, EV 79.4 MPH) (infield hit)
|
|
Batting: RHB Henry Alvizo
|
0-0: Ball 1-0: Called Strike 1-1: Ball 2-1: Foul Ball, location: 2F 2-2: SINGLE (Groundball, 4M, EV 101.2 MPH) (infield hit) Zack Guillen to second
|
|
Batting: RHB Ernest Olkowicz
|
0-0: Foul Ball, location: 2F 0-1: Ball 1-1: Ground out 6-3 (Groundball, 6S, EV 87.5 MPH)
|
| Top of the 9th over - 0 runs, 2 hits, 0 errors, 2 left on base; Colorado (EL) 2 - Altoona 1 |
| BOTTOM OF THE 9TH |
|
Altoona Curve batting - Pitching for Colorado (EL) Rockies : RHP Dustin Deemer
|
|
Pitching: LHP Tristan Morrow
|
|
|
Batting: RHB Brian Moore
|
0-0: Called Strike 0-1: SINGLE (Groundball, 6MD, EV 109.4 MPH)
|
|
Batting: SHB Jerry Massey
|
0-0: Foul Ball, location: 2F 0-1: Called Strike 0-2: Ball 1-2: Ball 2-2: Strikes out looking
|
|
Batting: RHB Pleun Smit
|
0-0: Called Strike 0-1: Ball 1-1: Foul Ball, location: 2F 1-2: Foul Ball, location: 2F 1-2: Foul Ball, location: 2F 1-2: Strikes out swinging
|
|
Batting: RHB Bahiyy al Din bin Mamdouh
|
0-0: Ball 1-0: Ball 2-0: SINGLE (Groundball, 56D, EV 103.1 MPH) Brian Moore to second
|
|
Batting: RHB Nelson Ozuna
|
0-0: Fly out, F7 (Line Drive, 7, EV 103.1 MPH)
|
| Bottom of the 9th over - 0 runs, 2 hits, 0 errors, 2 left on base; Colorado (EL) 2 - Altoona 1 |
|